 Dungeon Sprint DCSS version 0.24-a0-244-ga6a6ab7 (webtiles) character file.

Game seed: 12841634708677846484

7261 MikeHunt the Grappler (level 10, 0/110 HPs)
             Began as a Troll Fighter on Apr 10, 2019.
             Was the Champion of Cheibriados.
             Slain by a 12-headed hydra (5 damage)
             ... in the Dungeon (Sprint I: "Red Sonja").
             The game lasted 00:09:25 (1077 turns).

MikeHunt the Grappler (Troll Fighter)               Turns: 1077, Time: 00:09:26

Health: 0/110      AC:  6    Str: 41    XL:     10   Next: 89%
Magic:  16/16      EV: 20    Int: 19    God:    Cheibriados [******]
Gold:   862        SH: 17    Dex: 27    Spells: 9/9 levels left

rFire    . . .     SeeInvis .     - Unarmed
rCold    . . .     Gourm    +   u - +2 shield {rPois}
rNeg     . . .     Faith    .   a - +0 robe
rPois    +         Spirit   .   (helmet restricted)
rElec    .         Reflect  .   (no cloak)
rCorr    .         Harm     .   (gloves unavailable)
MR       .....     NoTele   +   (boots unavailable)
Stlth    ++........             (no amulet)
HPRegen  0.68/turn              (no ring)
MPRegen  0.15/turn              (no ring)

@: very slow
A: large, unfitting armour, claws 3, fast metabolism 3, gourmand, regeneration
1, shaggy fur 1, tough skin 3
a: Bend Time, Temporal Distortion, Slouch, Step From Time, Renounce Religion


You were in the Dungeon.
You worshipped Cheibriados.
Cheibriados was exalted by your worship.
You were very full.

You visited 1 branch You collected 1084 gold pieces.
You spent 222 gold pieces at shops.

Inventory:

Hand Weapons
 n - a +0 blowgun
Missiles
 o - 5 curare-tipped needles
 t - 12 stones
 v - 5 javelins of returning (quivered)
Armour
 a - a +0 robe (worn)
 b - a +0 shield
 u - a +2 shield of poison resistance (worn)
Wands
 k - a wand of polymorph (1)
 q - a wand of disintegration (9)
Scrolls
 j - a scroll of blinking
 l - a scroll of remove curse {unknown}
 p - a scroll of enchant armour {unknown}
 s - a scroll of identify
Potions
 e - 4 potions of curing
 f - a potion of heal wounds
 g - a potion of haste
 h - 2 potions of magic
 i - a potion of flight
 m - a potion of brilliance {unknown}
 r - a potion of degeneration {unknown}
Comestibles
 d - 4 rations


   Skills:
 - Level 10.0 Fighting
 + Level 4.1 Throwing
 - Level 10.0 Dodging
 - Level 9.6 Shields
 - Level 13.8 Unarmed Combat
 - Level 10.0 Invocations


You had 9 spell levels left.
You didn't know any spells.
Your spell library was empty.

Dungeon Overview and Level Annotations

Branches:
Dungeon (1/1)

Altars:
Cheibriados
Dithmenos
Elyvilon
Fedhas
Gozag
Hepliaklqana
Kikubaaqudgha
Makhleb
Nemelex Xobeh
Okawaru
Qazlal
Ru
Sif Muna
Trog
Uskayaw
Vehumet
Wu Jian
Xom
Yredelemnul
Zin
The Shining One
Jiyva
Lugonu

Shops:
D ([


Innate Abilities, Weirdness & Mutations

You are too large for most types of armour.
You have claws for hands.
Your metabolism is lightning-fast.
You like to eat raw meat.
Your natural rate of healing is unusually fast.
You are covered in fur. (AC +1)
You have extremely tough skin. (AC +3)


Message History

The javelin of returning fails to return to your pack!
The 12-headed hydra bites you! You block the 12-headed hydra's attack.
The 12-headed hydra completely misses you.
The 12-headed hydra closely misses you. The 12-headed hydra misses you.
You block the 12-headed hydra's attack. The 12-headed hydra closely misses you.
The 12-headed hydra bites you! The 12-headed hydra misses you.
The 12-headed hydra completely misses you.
The 12-headed hydra bites you!
The 12-headed hydra completely misses you.
You block the 12-headed hydra's attack. The 12-headed hydra bites you.
* * * LOW HITPOINT WARNING * * *
The 12-headed hydra misses you. The 12-headed hydra bites you!
* * * LOW HITPOINT WARNING * * *
The 12-headed hydra bites you.
* * * LOW HITPOINT WARNING * * *
The 12-headed hydra bites you!
* * * LOW HITPOINT WARNING * * *
You block the 12-headed hydra's attack. The 12-headed hydra misses you. x2
The 12-headed hydra bites you.
You die...

#####################
..#..#.§..§.§§§§@D.$#
..##'#.####.§§§§##$.+
..'§§#.# ##§§§## ##
###..'.# $###+#
.##)#### .$#y#.#
§#.^°^.#..$###.§###$#
§#..°..+..$$$##.#A#$#
§###°..#^...{# .###$#
.+ #...# #++## ##..$#


You could see a 12-headed hydra.

Vanquished Creatures
  2 centaur warriors (D)
  A lindwurm (D)
  A deep troll (D)
  An oklob plant (D)
  A gargoyle (D)
  2 kobold demonologists (D)
  4 demonic crawlers (D)
  A hornet (D)
  A slime creature (D)
  Sigmund (D)
  A yak (D)
  13 hogs (D)
  2 floating eyes (D)
  A black bear (D)
  An ogre (D)
  A jelly (D)
  Ijyb (D)
  5 ballistomycetes (D)
  A ballistomycete spore (D)
41 creatures vanquished.

Vanquished Creatures (others)
  A merfolk siren (D)
  4 hornets (D)
  A ballistomycete spore (D)
6 creatures vanquished.

Grand Total: 47 creatures vanquished

Notes
Turn   | Place    | Note
-------+----------+-------------------------------------------
     0 | D        | MikeHunt the Troll Fighter began the quest for the Orb.
     0 | D        | Reached XP level 1. HP: 22/22 MP: 0/0
     1 | D        | Noticed Ijyb
    26 | D        | Killed Ijyb
    26 | D        | Reached skill level 4 in Unarmed Combat
    26 | D        | Reached XP level 2. HP: 25/29 MP: 1/1
    32 | D        | Noticed an ogre
    39 | D        | Killed an ogre
    39 | D        | Reached skill level 5 in Shields
    39 | D        | Reached skill level 6 in Unarmed Combat
    39 | D        | Reached XP level 3. HP: 16/36 MP: 2/2
    39 | D        | Reached XP level 4. HP: 20/44 MP: 3/3
    95 | D        | Noticed Sigmund
   100 | D        | Killed Sigmund
   100 | D        | Reached skill level 8 in Unarmed Combat
   100 | D        | Reached XP level 5. HP: 50/50 MP: 4/4
   114 | D        | Found an ornate altar of the Wu Jian Council.
   114 | D        | Found a deep blue altar of Sif Muna.
   116 | D        | Found a radiant altar of Vehumet.
   120 | D        | Reached skill level 9 in Unarmed Combat
   120 | D        | Reached XP level 6. HP: 54/59 MP: 5/5
   137 | D        | Found Allingaps's Weapon Emporium.
   137 | D        | Found an ancient bone altar of Kikubaaqudgha.
   137 | D        | Found a hazy altar of Hepliaklqana.
   137 | D        | Found a hide-covered altar of Uskayaw.
   137 | D        | Found a basalt altar of Yredelemnul.
   137 | D        | Found an opulent altar of Gozag.
   137 | D        | Found a snail-covered altar of Cheibriados.
   137 | D        | Found a sacrificial altar of Ru.
   137 | D        | Found a shadowy altar of Dithmenos.
   137 | D        | Noticed a yak
   144 | D        | Killed a yak
   144 | D        | Reached skill level 10 in Unarmed Combat
   145 | D        | Found a stormy altar of Qazlal.
   145 | D        | Found a blossoming altar of Fedhas.
   145 | D        | Found a bloodstained altar of Trog.
   145 | D        | Found an iron altar of Okawaru.
   145 | D        | Found a glowing golden altar of the Shining One.
   145 | D        | Found a glowing silver altar of Zin.
   145 | D        | Found a white marble altar of Elyvilon.
   151 | D        | Found a sparkling altar of Nemelex Xobeh.
   155 | D        | Became a worshipper of Cheibriados the Contemplative
   166 | D        | Found a viscous altar of Jiyva.
   166 | D        | Found a corrupted altar of Lugonu.
   166 | D        | Noticed a slime creature
   167 | D        | Found a burning altar of Makhleb.
   167 | D        | Found a shimmering altar of Xom.
   174 | D        | Killed a slime creature
   174 | D        | Reached skill level 11 in Unarmed Combat
   174 | D        | Reached XP level 7. HP: 44/66 MP: 6/6
   224 | D        | Noticed Sonja
   225 | D        | Noticed Sonja
   225 | D        | Sonja changed into Sonja the black bear
   231 | D        | Killed Sonja the black bear
   231 | D        | Reached * piety under Cheibriados
   251 | D        | Noticed a deep troll
   259 | D        | Killed a deep troll
   259 | D        | Reached XP level 8. HP: 38/83 MP: 7/7
   354 | D        | Noticed a centaur warrior
   359 | D        | Noticed a centaur warrior
   366 | D        | Killed a centaur warrior
   366 | D        | Reached ** piety under Cheibriados
   368 | D        | Killed a centaur warrior
   368 | D        | Reached XP level 9. HP: 65/96 MP: 7/13
   458 | D        | Paralysed by a hornet for 1 turns
   512 | D        | Noticed an oklob plant
   524 | D        | Found Pig Lud's Armour Emporium.
   531 | D        | Bought a +2 shield of poison resistance for 222 gold pieces
   621 | D        | Noticed a kobold demonologist
   622 | D        | Reached *** piety under Cheibriados
   622 | D        | Noticed a kobold demonologist
   627 | D        | Noticed a smoke demon
   632 | D        | Noticed an ice devil
   633 | D        | Killed a kobold demonologist
   638 | D        | Killed a kobold demonologist
   638 | D        | Reached skill level 10 in Invocations
   701 | D        | Noticed a demonic crawler
   701 | D        | Noticed a demonic crawler
   701 | D        | Noticed a demonic crawler
   701 | D        | Noticed a demonic crawler
   705 | D        | Killed a demonic crawler
   707 | D        | Killed a demonic crawler
   710 | D        | Killed a demonic crawler
   710 | D        | Reached **** piety under Cheibriados
   710 | D        | Reached XP level 10. HP: 72/106 MP: 16/16
   731 | D        | Noticed a lindwurm
   738 | D        | Killed a lindwurm
   796 | D        | Noticed a gargoyle
   811 | D        | Killed a gargoyle
   811 | D        | Reached ***** piety under Cheibriados
   811 | D        | Reached skill level 10 in Fighting
   811 | D        | Reached skill level 10 in Dodging
   843 | D        | Reached skill level 12 in Unarmed Combat
   846 | D        | Reached ****** piety under Cheibriados
   847 | D        | Reached skill level 13 in Unarmed Combat
   870 | D        | Noticed a 12-headed hydra
   876 | D        | Noticed a daeva
   978 | D        | Killed a merfolk siren
  1034 | D        | Killed an oklob plant
  1077 | D        | HP: 5/110 [12-headed hydra (9)]
  1077 | D        | Slain by a 12-headed hydra

Levels and vault maps discovered:
D:        dungeon_sprint_1 [red_sonja_temple_1, red_sonja_temple_small_1]

Skill      XL: |  1  2  3  4  5  6  7  8  9 10 |
---------------+-------------------------------+-----
Shields        | 4 5 7 9 |  9.6
Unarmed Combat | 4 6 8 9 11 13 | 13.8
Fighting       | 6 8 10 | 10.0
Dodging        | 6 8 10 | 10.0
Invocations    | 7 10 | 10.0
Throwing       | 4 |  4.1

Action                   |  1- 3 |  4- 6 |  7- 9 | 10-12 || total
-------------------------+-------+-------+-------+-------++-------
Melee: Unarmed           |    29 |    18 |    53 |    38 ||   138
 Fire: Blowgun           |       |       |     3 |       ||     3
Throw: Javelin           |       |       |       |     3 ||     3
Invok: Bend Time         |       |       |     1 |       ||     1
       Slouch            |       |       |       |     1 ||     1
Evoke: Wand              |       |     1 |     4 |     1 ||     6
  Use: Potion            |     1 |       |     1 |       ||     2
       Scroll            |       |       |       |     1 ||     1
  Eat: Chunk             |       |     5 |       |     7 ||    12
Armor: Skin              |     2 |       |       |       ||     2
       Robe              |       |       |    11 |     3 ||    14
Dodge: Dodged            |    14 |     3 |    22 |    27 ||    66
Block: Shield            |     1 |     8 |    26 |    28 ||    63

Table legend:
 A = Non-vault XP
 B = Vault XP
 C = Vault XP percentage of total XP
 D = Non-vault monster count
 E = Vault monster count
 F = Vault count percentage of total count
                 A         B        C        D         E       F
            +---------+---------+-------+---------+---------+-------
      Total |       0 |   10374 | 100.0 |       0 |      35 | 100.0
            +---------+---------+-------+---------+---------+-------
          D |       0 |   10374 | 100.0 |       0 |      35 | 100.0
            +---------+---------+-------+---------+---------+-------
